Map: Eternal Empire LE

Players

ProBg - Winner!

  • Race: Zerg Zerg
  • Spawn Location: 1:00

VOD

Have the link to the VOD?

Description

Time

  • Played on: May 14, 2020, 12:05 p.m.
  • Length: 26:26
Show
View Real Time Build Order
Export as new Build Order

ProBg Zerg - Winner!

Build Orders:  

Get SALT Encoding   

  12  0:03  Drone  
  13  0:19  Overlord  
  13  0:33  Drone  
  14  0:49  Drone x2  
  16  1:12  Drone  
  16  1:15  Drone  
  18  1:26  Hatchery  
  17  1:37  Extractor  
  17  1:52  Extractor  
  17  1:56  Drone  
  17  1:57  Drone x2  
  19  2:06  Spawning Pool  
  18  2:15  Drone  
  19  2:46  Drone, Evolution Chamber  
  19  2:52  Overlord  
  19  3:11  Drone  
  19  3:12  Drone  
  21  3:35  Queen  
  21  3:38  Queen  
  25  3:42  Drone x2  
  25  3:43  Hatchery  
  25  3:45  Drone  
  27  3:50  Drone  
  28  4:26  Roach Warren  
  27  4:31  Queen  
  29  4:53  Drone  
  29  4:54  Drone x5  
  35  5:28  Queen  
  37  5:44  Roach x2  
  37  5:47  Overlord  
  37  5:48  Overlord x7  
  41  6:06  Drone  
  42  6:13  Drone x3  
  45  7:03  Roach  
  45  7:04  Roach x9  
  65  7:26  Hatchery  
  64  7:36  Extractor  
  63  8:21  Drone  
  63  8:22  Drone x19  
  83  8:56  Extractor  
  83  8:59  Drone  
  83  9:00  Drone x5  
  83  9:02  Extractor  
  83  9:06  Queen  
  83  9:08  Queen  
  91  9:54  Queen  
  88  10:40  Drone  
  88  10:41  Drone x9  
  88  10:42  Drone x2  
  88  10:43  Drone  
  101  10:54  Roach x5  
  101  10:57  Overlord  
  101  10:58  Overlord x13  
  111  11:43  Queen  
  113  12:24  Roach x13  
  113  12:25  Roach x12  
  163  12:33  Queen  
  165  13:25  Lair  
  165  13:27  Lair  
  165  13:58  Lair  
  165  14:00  Lair  
  173  14:59  Hydralisk Den  
  149  16:07  Hydralisk  
  149  16:08  Hydralisk x14  
  149  16:09  Hydralisk  
  181  17:35  Hydralisk  
  181  17:36  Hydralisk x8  
  199  17:40  Hatchery  
  199  17:42  Overlord  
  199  17:43  Overlord x14  
  199  17:44  Overlord x19  
  199  17:47  Hatchery  
  197  18:06  Hatchery  
  196  19:10  Overlord x9  
  196  19:11  Overlord x21  
  196  19:12  Overlord x12  
  145  22:22  Hydralisk x4  
  145  22:23  Hydralisk x19  
  145  22:24  Hydralisk x4  
  185  23:38  Hydralisk  
  185  23:39  Hydralisk x8  
  187  24:45  Hydralisk x6  
Tags
 
Add a new tag
Caveats
  • Supply blocks, unpowered buildings, or Contaminate may cause inaccurate times.
  • Supply counts are checked every 10 seconds.